 Dungeon Crawl Stone Soup version 0.31-a0-1611-g890cdf5628 (webtiles) character file.

Game seed: 16011025606185892620

645459 bmb222 the Slayer (level 27, 0/309 (312) HPs)
             Began as a Demonspawn Monk on Jan 7, 2024.
             Was an Initiate of Gozag.
             Slain by a death scarab (8 damage)
             ... summoned by a royal mummy
             ... on level 14 of a ziggurat on Jan 8, 2024.
             The game lasted 02:07:40 (64657 turns).

bmb222 the Slayer (Demonspawn Monk)                Turns: 64657, Time: 02:07:41

HP:   0/309 (312)   AC: 51    Str: 35      XL:     27
MP:   32/32         EV: 15    Int:  9      God:    Gozag
Gold: 458           SH: 25    Dex: 13 (14) Spells: 26/26 levels left

rFire   + + .        g - +8 broad axe of Patience {protect, rPois rCorr Str+2}
rCold   + . .        M - +4 tower shield {reflect}
rNeg    + + .        T - +3 plate armour of Vumaunon {Regen+}
rPois   +            C - +2 helmet {SInv}
rElec   +            (cloak unavailable)
rCorr   +            m - +1 pair of gloves of the Miller {rF+ SInv}
SInv    +            Q - +2 pair of boots {Fly}
Will    ++++.        s - amulet "Oweatim" {Faith Fly rElec rPois Regen+} Stlth
                     Y - ring "Ynisch" {rN++ Will+ MP+9 Str+5}
HPRegen 7.31/turn    i - ring "Xiura" {rF+ rC+ Will+ Int-3}
MPRegen 0.23/turn

%: reflection, faith
@: lethally poisoned (0 -> 0), gold aura, sanguine armoured, under a protective
aura, flying, hasted and slowed, studying 3 skills, lightly drained
A: demonic guardian 3, powered by death 3, robust 3, sanguine armour 3, weakness
stinger 3, fangs 1, strong 1
}: 4/15 runes: serpentine, barnacled, slimy, silver
a: Renounce Religion, Potion Petition, Call Merchant, Bribe Branch


You were on level 14 of a ziggurat.
You worshipped Gozag.
Gozag was aware of your devotion.
You visited 9 branches of the dungeon, and saw 47 of its levels.
You visited the Abyss 2 times.
You visited 1 ziggurat, and saw 14 of its levels.
You also visited: Trove, Bailey and Wizlab.

You collected 31149 gold pieces.
You spent 5908 gold pieces at shops.
You paid 24783 gold pieces to Gozag.

Inventory:

Hand Weapons
 g - the +8 broad axe of Patience (weapon) {protect, rPois rCorr Str+2}
   (You found it on level 2 of the Shoals)

   Str+2:     It affects your strength (+2).
   rPois:     It protects you from poison rCorr: It protects you from acid and
   corrosion.
 o - the +27 heavy crossbow "Sniper" {heavy, Acc+∞ SInv}
   (You found it on level 9 of a ziggurat)

   Acc+∞: It never misses its target.
   SInv:      It lets you see invisible.
 q - the +9 war axe of the Holding Seer {heavy, rN+}
   (You found it on level 10 of a ziggurat)

   rN+:       It protects you from negative energy.
 w - the +7 great mace "Firestarter" {flame, immolate, rFlCloud rF++}
   (You found it on level 12 of a ziggurat)

   rFlCloud:  It grants immunity to clouds of flame.
   rF++:      It greatly protects you from fire.
Missiles
 J - 21 throwing nets
Armour
 f - a +0 pair of boots of rampaging
 k - a +0 pair of gloves of strength
 m - the +1 pair of gloves of the Miller (worn) {rF+ SInv}
   (You found it on level 7 of a ziggurat)

   rF+:       It protects you from fire.
   SInv:      It lets you see invisible.
 C - a +2 helmet of see invisible (worn)
 M - a +4 tower shield of reflection (worn)
 Q - a +2 pair of boots of flying (worn)
 T - the +3 plate armour of Vumaunon (worn) {Regen+}
   (You found it in a wizard's laboratory)

   Regen+:    It increases your rate of health regeneration.
Jewellery
 i - the ring "Xiura" (right hand) {rF+ rC+ Will+ Int-3}
   (You acquired it in a bailey)

   [ring of protection from fire]

   Int-3:     It affects your intelligence (-3).
   rF+:       It protects you from fire.
   rC+:       It protects you from cold.
   Will+:     It increases your willpower.
 s - the amulet "Oweatim" (around neck) {Faith Fly rElec rPois Regen+}
   (You bought it in a shop on level 9 of the Dungeon)

   [amulet of faith]

   Faith:     It allows you to gain divine favour quickly.
   rElec:     It insulates you from electricity.
   rPois:     It protects you from poison Fly: It grants you flight.
   Regen+:    It increases your rate of health regeneration.
 v - the ring of Wumar {Ice *Corrode Fly Int+4}
   (You found it on level 12 of a ziggurat)

   [ring of ice]

   Ice:       It enhances your ice magic.
   Int+4:     It affects your intelligence (+4).
   rF-:       It makes you vulnerable to fire.
   rC+:       It protects you from cold.
   Fly:       It grants you flight.
   *Corrode:  It may corrode you when you take damage.
 y - a +6 ring of intelligence
 H - the ring "Vise" {rF+ MP+9 Str+2 Dex+3}
   (You found it on level 13 of a ziggurat)

   [ring of magical power]

   Str+2:     It affects your strength (+2).
   Dex+3:     It affects your dexterity (+3).
   rF+:       It protects you from fire.
   MP+9:      It affects your magic capacity (+9).
 L - a ring of protection from cold
 Y - the ring "Ynisch" (left hand) {rN++ Will+ MP+9 Str+5}
   (You bought it in a shop on level 2 of the Orcish Mines)

   [ring of willpower]

   Str+5:     It affects your strength (+5).
   rN++:      It greatly protects you from negative energy.
   Will+:     It increases your willpower.
   MP+9:      It affects your magic capacity (+9).
Wands
 c - a wand of acid (24)
 r - a wand of digging (3)
 u - a wand of flame (172)
 B - a wand of mindburst (42)
 K - a wand of roots (73)
 U - a wand of charming (67)
Scrolls
 b - 4 scrolls of enchant weapon
 e - 18 scrolls of teleportation
 h - 9 scrolls of identify
 l - 11 scrolls of fog
 p - 7 scrolls of enchant armour
 t - 5 scrolls of poison
 A - 8 scrolls of immolation
 E - 5 scrolls of revelation
 G - a scroll of blinking
 N - 7 scrolls of fear
Potions
 a - 3 potions of ambrosia
 d - 2 potions of berserk rage
 j - 7 potions of mutation
 n - 6 potions of lignification
 x - a potion of enlightenment
 z - 10 potions of brilliance
 F - 7 potions of attraction
 I - a potion of resistance
 O - 17 potions of curing
 P - a potion of haste
 S - 7 potions of magic
 V - 5 potions of cancellation


   Skills:
 * Level 24.7 Fighting
 + Level 22.0 Axes
 + Level 9.7 Throwing
 + Level 19.6 Armour
 + Level 15.6 Dodging
 + Level 19.9 Shields
 + Level 7.6 Ice Magic


You had 26 spell levels left.
You didn't know any spells.
Your spell library contained the following spells:

 Spells                   Type           Power      Damage    Failure   Level
 Freeze                   Ice            52%        1d6       9%          1
 Frozen Ramparts          Ice            26%        1d4       26%         3
 Ozocubu's Armour         Ice            13%        N/A       26%         3
 Ensorcelled Hibernation  Hex/Ice        12%        N/A       54%         2
 Hailstorm                Conj/Ice       6%         3d5       78%         3
 Summon Ice Beast         Ice/Summ       6%         N/A       78%         3
 Apportation              Tloc           0%         N/A       90%         1
 Foxfire                  Conj/Fire      0%         2x1d4     90%         1
 Kiss of Death            Conj/Necr      0%         2d5       90%         1
 Magic Dart               Conj           0%         1d3       90%         1
 Necrotise                Necr           0%         1d4       90%         1
 Sandblast                Erth           0%         2d4       90%         1
 Shock                    Conj/Air       0%         1d3       90%         1
 Sting                    Conj/Alch      0%         1d3       90%         1
 Summon Small Mammal      Summ           0%         N/A       90%         1
 Blink                    Tloc           0%         N/A       97%         2
 Call Imp                 Summ           0%         N/A       97%         2
 Cigotuvi's Dreadful Rot  Necr/Alch/Air  0%         N/A       97%         2
 Lesser Beckoning         Tloc           0%         N/A       97%         2
 Mercury Vapours          Alch/Air       0%         N/A       97%         2
 Momentum Strike          Conj/Tloc      0%         3d8       97%         2
 Scorch                   Fire           0%         2d5       97%         2
 Sublimation of Blood     Necr           0%         N/A       97%         2
 Call Canine Familiar     Summ           0%         N/A       99%         3
 Confusing Touch          Hex            0%         N/A       99%         3
 Fugue of the Fallen      Necr           0%         N/A       99%         3
 Gell's Gravitas          Tloc           0%         N/A       99%         3
 Inner Flame              Hex/Fire       0%         N/A       99%         3
 Mephitic Cloud           Conj/Alch/Air  0%         N/A       99%         3
 Passwall                 Erth           0%         N/A       99%         3
 Sigil of Binding         Hex            0%         N/A       99%         3
 Stone Arrow              Conj/Erth      0%         3d7       99%         3
 Swiftness                Air            0%         N/A       99%         3
 Teleport Other           Tloc           0%         N/A       99%         3
 Tukima's Dance           Hex            0%         N/A       99%         3
 Volatile Blastmotes      Fire/Tloc      0%         2d10      99%         3
 Anguish                  Hex/Necr       0%         N/A       100%        4
 Animate Armour           Summ/Erth      0%         N/A       100%        4
 Brom's Barrelling Bould  Conj/Erth      0%         2d3       100%        4
 Cause Fear               Hex            0%         N/A       100%        4
 Dimensional Bullseye     Hex/Tloc       0%         N/A       100%        4
 Dispel Undead            Necr           0%         3d6       100%        4
 Flame Wave               Conj/Fire      0%         2d4       100%        4
 Fulminant Prism          Conj/Alch      0%         3d5       100%        4
 Ignite Poison            Fire/Alch      0%         N/A       100%        4
 Iskenderun's Mystic Bla  Conj/Tloc      0%         2d3       100%        4
 Leda's Liquefaction      Alch/Erth      0%         N/A       100%        4
 Manifold Assault         Tloc           0%         N/A       100%        4
 Martyr's Knell           Necr/Summ      0%         N/A       100%        4
 Olgreb's Toxic Radiance  Alch           0%         N/A       100%        4
 Passage of Golubria      Tloc           0%         N/A       100%        4
 Petrify                  Alch/Erth      0%         N/A       100%        4
 Sticky Flame             Fire/Alch      0%         2d4       100%        4
 Summon Blazeheart Golem  Fire/Summ      0%         N/A       100%        4
 Summon Lightning Spire   Summ/Air       0%         N/A       100%        4
 Vhi's Electric Charge    Tloc/Air       0%         N/A       100%        4
 Alistair's Intoxication  Alch           0%         N/A       100%        5
 Arcjolt                  Conj/Air       0%         1d10      100%        5
 Borgnjor's Vile Clutch   Necr/Erth      0%         N/A       100%        5
 Fireball                 Conj/Fire      0%         3d3       100%        5
 Freezing Cloud           Conj/Ice/Air   2%         6-21      100%        5
 Irradiate                Conj/Alch      0%         3d11      100%        5
 Iskenderun's Battlesphe  Conj           0%         2d6       100%        5
 Lee's Rapid Deconstruct  Erth           0%         3d4*      100%        5
 Metabolic Englaciation   Hex/Ice        3%         N/A       100%        5
 Silence                  Hex/Air        0%         N/A       100%        5
 Summon Forest            Summ/Tloc      0%         N/A       100%        5
 Summon Mana Viper        Hex/Summ       0%         N/A       100%        5
 Bombard                  Conj/Erth      0%         9d1       100%        6
 Conjure Ball Lightning   Conj/Air       0%         3x3d6     100%        6
 Dispersal                Tloc           0%         N/A       100%        6
 Eringya's Noxious Bog    Alch           0%         4d6       100%        6
 Plasma Beam              Fire/Air       0%         2x1d10    100%        6
 Sculpt Simulacrum        Ice/Alch       3%         N/A       100%        6
 Starburst                Conj/Fire      0%         6d3       100%        6
 Summon Cactus Giant      Summ           0%         N/A       100%        6
 Enfeeble                 Hex            0%         N/A       100%        7
 Malign Gateway           Summ/Tloc      0%         N/A       100%        7
 Monstrous Menagerie      Summ           0%         N/A       100%        7
 Orb of Destruction       Conj           0%         9d5       100%        7
 Spellforged Servitor     Conj/Summ      0%         N/A       100%        7
 Summon Hydra             Summ           0%         N/A       100%        7
 Ignition                 Fire           0%         3d3       100%        8
 Lehudib's Crystal Spear  Conj/Erth      0%         10d2      100%        8
 Maxwell's Capacitive Co  Air            0%         ∞         100%        8
 Summon Horrible Things   Summ           0%         N/A       100%        8
 Chain Lightning          Conj/Air       0%         N/A       100%        9
 Fire Storm               Conj/Fire      0%         5d1       100%        9
 Shatter                  Erth           0%         3d5*      100%        9


Dungeon Overview and Level Annotations

Branches:
Dungeon (15/15)            Temple (0/1) D:5            Lair (5/5) D:9
 Shoals (4/4) Lair:3        Snake (4/4) Lair:2        Slime (5/5) Lair:4
    Orc (2/2) D:12            Elf (3/3) Orc:2        Vaults (5/5) D:14
  Crypt (0/3) Vaults:2     Depths (4/4) D:15            Zot (0/5) Depths:4
 Bailey (visited)          WizLab (visited)

Altars:
Cheibriados
Gozag
Hepliaklqana
Makhleb
Nemelex Xobeh
Okawaru
Ru
Trog
Uskayaw
Vehumet
Wu Jian
Xom
Yredelemnul
Jiyva

Shops:
D:9 [=[*[*   D:14 [   Orc:2 [[*=   Shoals:2 (   Snake:1 **   Slime:2 ?
Vaults:1 [   Depths:3 [(*   Depths:4 (?[(*[

Portals:
Hell: Depths:1 Depths:2 Depths:3 Depths:4
Abyss: Depths:2 Depths:3
Pandemonium: Depths:1 Depths:2 Depths:4

Annotations:
Lair:5 3 runed translucent doors, exclusion: obsidian statue, benadryl's ghost, journeyman GrFi
Shoals:4 2 transporters, holysushi's ghost, adept VSFi
Elf:2 3 runed translucent doors


Innate Abilities, Weirdness & Mutations

A powerful demonic guardian rushes to your aid.
You regenerate a lot of health from kills.
You are extremely robust. (+30% HP)
When seriously injured, your blood forms very thick armour. (AC +12)
You have a sharp stinger which inflicts weakening toxins.
You have very sharp teeth.
Your muscles are strong. (Str +4, Int/Dex -1)


Message History

The vile air hits the death scarab but does no damage.
The royal mummy hits you.
* * * LOW HITPOINT WARNING * * *
The emperor scorpion barely misses you.
The emperor scorpion claws you but does no damage. x2
The mummy priest prays to its god.
The mummy is distracted by your dazzling golden aura.
The shadow wraith hits you!
* * * LOW HITPOINT WARNING * * *
The shadow wraith drains your vigour!
You feel as though you will be slow longer.
The ushabti shakes and rattles deafeningly!
The mummy priest mumbles some strange prayers to its god.
You hear a faint skittering sound.
You slash the royal mummy!
The royal mummy is moderately damaged.
You slash the emperor scorpion!
You completely miss the emperor scorpion.
You slice the death scarab like a ripe choko!!!
You destroy the death scarab!
The death scarab's corpse disappears in a puff of smoke!
You slice the death scarab!!
The death scarab is no longer distracted by gold.
You slash the shadow wraith!
You destroy the shadow wraith!
The shadow wraith disappears in a puff of smoke!
You slice the death scarab!!
You destroy the death scarab!
You slice the emperor scorpion!!
You feel very sick.
The death scarab is distracted by your dazzling golden aura.
You block the death scarab's attack. x2
The emperor scorpion is distracted by your dazzling golden aura.
You block the emperor scorpion's attack. x2
The emperor scorpion barely misses you.
The death scarab waves its antennae.
The jiangshi is distracted by your dazzling golden aura.
The death scarab bites you!
You die...
Your body crumbles into a pile of gold. ▓▓ ▓▓▓▓.▓▓▓▓▓ .........▓▓▓ ...........▓▓ ..........W#.▓▓ .........Z###.▓▓ ........MMM#9M§▓ .M....MM4MW§Bss▓▓ Z..M..BMz..sM@BB▓ .....ZMMMW3☼VsBW▓

M.....MM○MMssM§.▓
......9○9MsBM...▓▓
........MMBB3.34.▓
........MWZ.4...▓▓
........M.......▓
...............▓
..............▓


You could see 2 royal mummies, 7 emperor scorpions, 2 mummy priests, a jiangshi
(summoned, unaware), a sun demon (summoned), a shadow wraith (summoned,
invisible), a guardian mummy, 3 ushabtiu, a smoke demon (summoned), a ynoxinul
(summoned), a wraith (summoned), 7 death scarabs, 2 chaos spawn, a shadow
(summoned, invisible), 11 mummies and a spriggan defender zombie (summoned).

Vanquished Creatures
  the Royal Jelly (Slime:5)
  Frederick (Depths:3)
  2 dread liches (Zig:9)
  An ancient lich (Vaults:5)
  The ghost of ojifijod the Merry Ant, a legendary FoHu of Okawaru (Zig:6)
  Mara (Vaults:4)
  Sojobo (Vaults:2)
  2 royal mummies (Zig:7)
  2 antique champions (WizLab)
  A caustic shrike (Zig:13)
  A curse toe (Zig:6)
  5 golden dragons
  3 bone dragons
  2 iron giants (Zig:13)
  A hellephant (Depths:1)
  6 Hell Sentinels
  Mlioglotl (Snake:3)
  6 tentacled monstrosities
  3 titans (Vaults:5)
  A walking frostbound tome (Depths:1)
  A walking divine tome (Depths:1)
  2 deep elf blademasters (Elf:3)
  3 liches
  5 sphinxes
  4 searing wretches (Zig:8)
  Polyphemus (Shoals:4)
  A kraken (Shoals:3)
  5 deep elf master archers
  4 ancient champions
  2 quicksilver dragons
  17 acid blobs
  Agnes (Snake:3)
  9 tengu reavers
  2 tentacled starspawn
  Kirke (Lair:4)
  6 shadow dragons
  7 azure jellies (Slime:5)
  7 nagarajas
  2 revenants
  2 draconian monks (Depths:4)
  8 rockslimes
  2 fenstrider witches (Zig:10)
  8 deep elf sorcerers (Elf:3)
  8 fire giants
  An emperor scorpion (Zig:4)
  A quicksilver elemental (Zig:13)
  8 frost giants
  An iron dragon (Zig:13)
  22 vault wardens
  A ghost moth (Zig:4)
  3 orc warlords
  A ghoul (WizLab)
  Louise (Shoals:2)
  A curse skull (Zig:5)
  3 balrugs (Zig:8)
  16 very ugly things
  A spriggan defender (Depths:3)
  6 deep elf elementalists (Elf:3)
  13 quicksilver oozes
  3 juggernaut skeletons
  9 ironbound preservers
  2 ironbound thunderhulks
  3 vampire knights
  22 stone giants
  8 formless jellyfish
  A green draconian (Depths:4)
  2 demonspawn black suns
  2 eleionomae (Zig:10)
  8 deep elf demonologists
  10 dire elephants
  7 deep elf annihilators
  10 deep elf death magi
  2 bennus (Zig:14)
  A bunyip (Zig:10)
  2 black draconians (Depths:4)
  2 war gargoyles
  A red draconian (Depths:4)
  4 eidola
  3 spark wasps
  2 mummy priests (Zig:14)
  7 ettins
  8 merfolk impalers
  A blizzard demon (Depths:2)
  6 fire dragons
  3 iron golems (Zig:13)
  5 jiangshi
  5 merfolk javelineers
  14 deep elf high priests
  A crystal guardian (Vaults:2)
  16 yaktaur captains
  A shambling mangrove (Zig:10)
  3 entropy weavers
  9 great orbs of eyes
  A spriggan zombie (Zig:7)
  Harold (D:9)
  8 ice dragons
  A rakshasa (Abyss:4)
  2 salamander tyrants (Snake:4)
  A spriggan skeleton (Zig:7)
  16 centaur warriors
  2 ghost crabs (Zig:6)
  A peacekeeper (Vaults:2)
  6 hydras
  2 juggernaut simulacra (WizLab)
  3 ogre magi
  31 vault guards
  8 ironbound frosthearts
  5 merfolk avatars
  A catoblepas (Shoals:4)
  9 anacondas
  7 merfolk aquamancers (Shoals:4)
  A deep troll shaman (Depths:3)
  18 two-headed ogres
  2 two-headed ogres (shapeshifter)
  2 alligator snapping turtles (Shoals:4)
  3 boulder beetles
  9 satyrs
  2 death knights
  5 spriggan air magi
  2 death scarabs
  3 hell hogs (Depths:1)
  21 naga warriors
  3 vampire magi
  4 deep troll earth magi
  20 dancing weapons
  9 death yaks
  The ghost of Sun Gecaam the Eclecticist, a journeyman DEHW of Vehumet (D:12)
  12 tengu warriors
  18 naga sharpshooters
  7 spriggan berserkers
  9 shock serpents
  A storm dragon zombie (WizLab)
  5 thrashing horrors (Abyss:3)
  A demonic crawler (Abyss:3)
  3 spriggans
  An orc high priest (Vaults:3)
  A soul eater (Abyss:2)
  A sun demon (Depths:4)
  2 occultists
  13 deep elf knights
  A crystal echidna (Zig:13)
  A titan skeleton (Vaults:4)
  6 hell knights (Depths:2)
  Amaemon (Lair:3)
  10 skeletal warriors
  A skyshark (shapeshifter) (Vaults:5)
  An iron troll (Depths:4)
  5 skysharks
  A spectral death yak (Lair:5)
  6 salamander mystics
  4 wretched stars
  A golden dragon zombie (WizLab)
  A shadow wraith (Zig:9)
  10 sea snakes
  A spectral anaconda (Lair:5)
  17 deep trolls
  3 mana vipers
  5 glowing orange brains
  A kraken simulacrum (Shoals:4)
  7 naga ritualists
  9 lindwurms
  7 arcanists
  4 flayed ghosts
  A bog body (Zig:10)
  An orange crystal statue (Vaults:4)
  7 deep elf archers
  A golden dragon skeleton (WizLab)
  14 orc knights
  2 swamp dragons (Zig:10)
  A sun moth (Zig:4)
  8 necromancers
  26 deep elf pyromancers
  17 deep elf zephyrmancers
  15 ironbound convokers
  9 phantasmal warriors
  43 ugly things
  15 salamanders
  19 harpies
  An elf skeleton (Vaults:1)
  A steelbarb worm (shapeshifter) (Vaults:5)
  Maurice (D:9)
  7 fauns
  3 wolf spiders
  2 worldbinders (Abyss:2)
  A shining eye (Slime:5)
  4 will-o-the-wisps
  15 cyclopes
  10 manticores
  35 black mambas
  3 kobold blastminers
  10 merfolk sirens
  8 water nymphs
  23 naga magi
  12 guardian serpents
  An eye of devastation (Slime:5)
  22 elephants
  5 large abominations
  16 vault sentinels
  2 smoke demons
  11 cane toads
  A water nymph (shapeshifter) (Vaults:5)
  An orange demon (Lair:3)
  Maggie (D:8)
  The ghost of monsoonserge the Caller, a novice BaSu of Cheibriados (D:5)
  A hellion (Depths:2)
  2 rime drakes
  2 human zombies (Vaults:1)
  An unseen horror (D:11)
  Psyche (D:10)
  A dire elephant skeleton (Lair:5)
  A rime drake (shapeshifter) (D:14)
  32 yaktaurs
  2 golden dragon simulacra (WizLab)
  A freezing wraith (Abyss:3)
  A kobold demonologist (Bailey)
  A tormentor (Zig:8)
  6 komodo dragons
  3 tengu conjurers
  5 ancient zymes
  A human skeleton (Vaults:4)
  6 guardian mummies
  A tarantella (shapeshifter) (Depths:4)
  4 wind drakes
  3 polar bears
  A tarantella (Vaults:2)
  9 hornets
  Prince Ribbit (D:7)
  29 merfolk
  12 trolls
  10 dream sheep
  12 raiju (Abyss:2)
  7 glass eyes
  Grinder (D:4)
  25 blink frogs
  2 dream sheep (shapeshifter)
  10 snapping turtles
  76 slime creatures
  An air elemental (Elf:2)
  2 vampires
  12 water elementals
  42 yaks
  3 fire elementals
  5 wyverns
  A ynoxinul (Abyss:3)
  A hog (shapeshifter) (D:14)
  2 wraiths
  8 golden eyes
  12 starcursed masses
  4 hogs (Lair:4)
  A neqoxec (Abyss:4)
  2 wargs
  2 death yak simulacra (Lair:5)
  9 basilisks
  6 redbacks
  6 chaos spawn
  2 steam dragons
  A yaktaur simulacrum (Vaults:4)
  50 nagas
  A spectral cane toad (Lair:5)
  7 small abominations (Abyss:2)
  An acid dragon (D:11)
  14 water moccasins
  A deep troll skeleton (WizLab)
  A two-headed ogre skeleton (WizLab)
  34 orc warriors
  A sky beast (Abyss:2)
  2 elephant zombies (Lair:5)
  3 ice beasts
  5 laughing skulls
  3 black bears
  21 wolves
  7 boggarts
  A boggart (shapeshifter) (D:13)
  19 ogres
  13 centaurs
  3 elephant skeletons (Lair:5)
  A phantom (D:6)
  A kobold brigand (D:8)
  3 weeping skulls (Abyss:3)
  A brain worm (Abyss:3)
  10 bullfrogs
  A cane toad simulacrum (Lair:5)
  3 earth elementals
  2 gnoll sergeants (D:7)
  2 scorpions
  2 two-headed ogre simulacra (WizLab)
  2 elephant simulacra (Lair:5)
  3 swamp dragon simulacra (WizLab)
  2 electric eels (Snake:2)
  7 howler monkeys
  A crimson imp (D:8)
  5 bombardier beetles
  2 gnoll boudas (D:7)
  9 hounds
  16 orc priests
  4 iguanas
  A sleepcap (D:8)
  17 orc wizards
  9 mummies
  35 gnolls
  7 adders
  A shadow imp (D:7)
  2 white imps
  2 ufetubi (D:5)
  A dart slug (D:1)
  51 orcs
  8 endoplasms
  6 giant cockroaches
  21 goblins
  13 hobgoblins
  8 jackals
  17 kobolds
  7 quokkas
  6 ball pythons
  4 bats
  A frilled lizard (D:1)
  6 rats
  A spectral weapon (Depths:2)
  3 starspawn tentacles (Abyss:3)
  3 tentacles (Shoals:3)
2061 creatures vanquished.

Vanquished Creatures (collateral kills)
  A Hell Sentinel (Zig:13)
  A hellephant (Depths:1)
  2 acid blobs
  Ilsuiw (Shoals:2)
  A frost giant (Depths:4)
  A nagaraja (Snake:4)
  A deep elf sorcerer (Elf:3)
  An iron dragon (Vaults:5)
  A vault warden (Vaults:5)
  A balrug (Abyss:2)
  2 ghouls (Zig:5)
  A spriggan defender (Depths:2)
  A quicksilver ooze (Slime:1)
  Nessos (Lair:5)
  An ironbound thunderhulk (Vaults:2)
  A deep elf death mage (Elf:1)
  2 deep elf annihilators
  4 dire elephants (Vaults:4)
  4 merfolk impalers
  An ettin (Depths:4)
  A deep elf high priest (Elf:3)
  5 yaktaur captains
  A fire dragon (D:15)
  A hydra (D:14)
  A vault guard (Vaults:5)
  An ironbound frostheart (Vaults:2)
  A merfolk avatar (Shoals:4)
  A boulder beetle (Lair:5)
  2 merfolk aquamancers (Shoals:4)
  A centaur warrior (D:14)
  3 naga warriors
  3 two-headed ogres
  A tengu warrior (Depths:3)
  3 death yaks
  2 naga sharpshooters (Zig:11)
  A hell knight (Depths:2)
  A titan skeleton (Zig:7)
  A deep elf knight (Elf:3)
  A spriggan berserker (Depths:3)
  A skyshark (Shoals:1)
  2 flayed ghosts (Vaults:5)
  A shadow wraith (Zig:5)
  A deep troll (Orc:2)
  A golden dragon skeleton (WizLab)
  An ironbound convoker (Vaults:5)
  4 orc knights
  A deep elf pyromancer (D:14)
  A manticore (D:14)
  A salamander (Snake:3)
  2 ugly things (D:15)
  3 elephants (Lair:2)
  A black mamba (Snake:1)
  A vault sentinel (Vaults:5)
  2 naga magi (Snake:4)
  A cane toad (Lair:3)
  A kobold demonologist (Bailey)
  2 yaktaurs
  2 komodo dragons
  A guardian mummy (Zig:14)
  2 merfolk
  A troll (Orc:2)
  A hornet (D:8)
  A wind drake (Shoals:1)
  A blink frog (Lair:5)
  A raiju (Abyss:2)
  2 snapping turtles
  5 slime creatures
  2 water elementals (Shoals:4)
  2 yaks
  2 basilisks
  Menkaure (D:4)
  5 nagas
  3 water moccasins
  3 orc warriors
  An ice beast (D:5)
  A laughing skull (Abyss:3)
  An elephant zombie (Lair:5)
  A boggart (Vaults:2)
  A wolf (Lair:4)
  3 ogres
  A centaur (D:5)
  2 bullfrogs
  2 gnoll sergeants (D:7)
  A scorpion (D:4)
  4 killer bees (D:5)
  A howler monkey (D:5)
  2 electric eels
  A hound (D:7)
  A starcursed mass (Abyss:3)
  2 gnoll boudas
  3 orc wizards
  Terence (D:3)
  17 gnolls
  An adder (D:5)
  2 ribbon worms
  5 orcs
  A jackal (D:7)
  A ball python (D:2)
  A rat (D:2)
179 creatures vanquished.

Vanquished Creatures (others)
  A lich (Depths:2)
  A deep elf sorcerer (Elf:3)
  A deep elf elementalist (Elf:3)
  A deep elf annihilator (Elf:3)
  A death yak (Shoals:4)
  A spriggan berserker (Depths:3)
  A naga ritualist (Snake:3)
  2 deep elf zephyrmancers
  A vault sentinel (Vaults:5)
  A spriggan (Zig:10)
  2 nagas
  An orc warrior (D:12)
  A boggart (Vaults:4)
  An orc (Vaults:5)
  8 foxfires
  15 spectral weapons
  7 starspawn tentacles
  9 tentacles
55 creatures vanquished.

Grand Total: 2295 creatures vanquished

Notes
Turn   | Place    | Note
-------+----------+-------------------------------------------
     0 | D:1      | bmb222 the Demonspawn Monk began the quest for the Orb.
     0 | D:1      | Reached XP level 1. HP: 18/18 MP: 1/1
   183 | D:1      | Gained mutation: You regenerate a little health from kills.
                  | [demonic ancestry]
   183 | D:1      | Reached XP level 2. HP: 17/24 MP: 2/2
   349 | D:1      | Reached skill level 1 in Armour
   476 | D:1      | Gained mutation: You regenerate health from kills. [demonic
                  | ancestry]
   476 | D:1      | Reached XP level 3. HP: 29/29 MP: 3/3
   918 | D:2      | Identified the +3 sling "Killer Klown's Foe" {flame,
                  | Stlth+}
   953 | D:2      | Gained mutation: A weak demonic guardian rushes to your
                  | aid. [demonic ancestry]
   953 | D:2      | Reached XP level 4. HP: 15/37 MP: 4/4
  1388 | D:2      | Found a faded altar of an unknown god.
  1571 | D:2      | Reached skill level 4 in Fighting
  1856 | D:2      | Gained mutation: A demonic guardian rushes to your aid.
                  | [demonic ancestry]
  1856 | D:2      | Reached XP level 5. HP: 38/42 MP: 5/5
  2265 | D:3      | Noticed Terence
  2728 | D:3      | Found a sacrificial altar of Ru.
  2795 | D:3      | Found an opulent altar of Gozag.
  2797 | D:3      | You fall into a shaft and drop 1 floor!
  2965 | D:3      | Killed Terence
  3446 | D:4      | Noticed Grinder
  3473 | D:3      | Became a worshipper of Gozag Ym Sagoz the Greedy
  3626 | D:4      | Noticed Menkaure
  3627 | D:4      | Reached XP level 6. HP: 40/49 MP: 6/6
  3638 | D:4      | Killed Menkaure
  3833 | D:4      | Reached skill level 5 in Fighting
  3851 | D:4      | Gained mutation: You expend magic power (3 MP) to
                  | strengthen your wands. [potion of mutation]
  3851 | D:4      | Gained mutation: You are strong-willed. (Will+) [potion of
                  | mutation]
  4020 | D:4      | Killed Grinder
  4021 | D:4      | Gained mutation: You have a small tail. [demonic ancestry]
  4021 | D:4      | Reached XP level 7. HP: 11/56 MP: 2/7
  4238 | D:4      | Reached skill level 5 in Axes
  4607 | D:5      | Entered Level 5 of the Dungeon
  4685 | D:5      | Reached skill level 5 in Armour
  4687 | D:5      | Gained mutation: When seriously injured, your blood forms
                  | armour. (AC +12) [demonic ancestry]
  4687 | D:5      | Reached XP level 8. HP: 26/64 MP: 1/8
  4689 | D:5      | Reached skill level 6 in Fighting
  4955 | D:5      | Found a runed translucent door.
  4958 | D:5      | Noticed monsoonserge's ghost (novice BaSu)
  4963 | D:5      | Found a staircase to the Ecumenical Temple.
  5319 | D:5      | Found a bloodstained altar of Trog.
  5937 | D:5      | HP: 3/65 [poisoned by a water moccasin]
  6175 | D:6      | Reached skill level 7 in Fighting
  6175 | D:6      | Reached XP level 9. HP: 50/72 MP: 7/9
  6922 | D:6      | Found a sparkling altar of Nemelex Xobeh.
  7448 | D:7      | Found a hide-covered altar of Uskayaw.
  7910 | D:7      | Reached skill level 1 in Shields
  7958 | D:7      | Found a flagged portal.
  7982 | Bailey   | Entered a bailey
  7999 | Bailey   | Noticed an orc knight
  8011 | Bailey   | Killed an orc knight
  8069 | Bailey   | Reached skill level 8 in Fighting
  8403 | Bailey   | Acquired the ring "Xiura" {rF+ rC+ Will+ Int-3}
  8511 | Bailey   | Noticed a kobold demonologist
  8525 | Bailey   | Gained mutation: You have a tail ending in a sharp stinger.
                  | [demonic ancestry]
  8525 | Bailey   | Reached XP level 10. HP: 54/80 MP: 6/10
  8563 | Bailey   | Identified the +0 double sword of Wariness {vamp, rPois}
  8570 | Bailey   | Found an iron altar of Okawaru.
  8850 | Bailey   | Reached skill level 9 in Fighting
  8850 | Bailey   | Gained mutation: You have a sharp stinger which inflicts
                  | weakening toxins. [demonic ancestry]
  8850 | Bailey   | Reached XP level 11. HP: 89/89 MP: 11/11
  9117 | D:7      | Noticed Prince Ribbit
  9141 | D:7      | Killed Prince Ribbit
  9945 | D:8      | Noticed a two-headed ogre
  9961 | D:8      | Killed a two-headed ogre
 10229 | D:8      | Found a burning altar of Makhleb.
 10428 | D:8      | Noticed Maggie
 10437 | D:8      | Killed Maggie
 10473 | D:8      | Noticed a two-headed ogre
 10480 | D:8      | Killed a two-headed ogre
 10680 | D:8      | Noticed a two-headed ogre
 10690 | D:8      | Killed a two-headed ogre
 10844 | D:9      | Reached skill level 10 in Fighting
 10870 | D:9      | Noticed Maurice
 10892 | D:9      | Something stole a ring of protection from cold
 10899 | D:9      | Something stole 14 throwing nets
 10901 | D:9      | Something stole a +0 war axe
 10909 | D:9      | Something stole an orb of wrath
 10911 | D:9      | Maurice stole 37 gold
 10912 | D:9      | Maurice stole 640 gold
 10914 | D:9      | Maurice stole 386 gold
 10916 | D:9      | Maurice stole 439 gold
 10918 | D:9      | Killed Maurice
 11050 | D:9      | Found a staircase to the Lair.
 11079 | D:9      | Reached skill level 10 in Armour
 11191 | D:9      | Reached XP level 12. HP: 81/97 MP: 10/12
 11525 | D:9      | Found Keveg's Assorted Antiques.
 11715 | D:9      | Noticed Harold
 11718 | D:9      | Found a radiant altar of Vehumet.
 11736 | D:9      | Killed Harold
 11861 | D:9      | Found a snail-covered altar of Cheibriados.
 12149 | D:9      | Found a basalt altar of Yredelemnul.
 12161 | D:9      | Found a shimmering altar of Xom.
 12177 | D:10     | Entered Level 10 of the Dungeon
 12368 | D:10     | Noticed Psyche
 12385 | D:10     | Killed Psyche
 12572 | D:10     | Paralysed by a hornet for 1 turns
 12941 | D:10     | Noticed a two-headed ogre
 12948 | D:10     | Killed a two-headed ogre
 13080 | D:10     | Found a hazy altar of Hepliaklqana.
 13106 | D:11     | Noticed a two-headed ogre
 13117 | D:11     | Killed a two-headed ogre
 13279 | D:11     | Noticed a boulder beetle
 13320 | D:11     | Killed a boulder beetle
 13321 | D:11     | Reached skill level 10 in Axes
 13485 | Lair:1   | Entered Level 1 of the Lair of Beasts
 13567 | D:9      | Acquired 1070 gold pieces
 13573 | D:9      | Bought a glowing helmet for 247 gold pieces
 13591 | D:9      | Bought a translucent chain mail for 361 gold pieces
 13591 | D:9      | Identified the +1 chain mail of Fokh {rPois Will- rCorr}
                  | (You bought it in a shop on level 9 of the Dungeon)
 13591 | D:9      | Bought a blackened helmet for 361 gold pieces
 13591 | D:9      | Identified the -1 helmet of Faeqommi {Harm rN+ Will++} (You
                  | bought it in a shop on level 9 of the Dungeon)
 14384 | Lair:2   | Reached skill level 11 in Fighting
 14952 | Lair:2   | Gained mutation: A powerful demonic guardian rushes to your
                  | aid. [demonic ancestry]
 14952 | Lair:2   | Reached XP level 13. HP: 92/106 MP: 10/13
 15071 | Lair:2   | Found a staircase to the Snake Pit.
 16038 | Lair:3   | Noticed Amaemon
 16049 | Lair:3   | Killed Amaemon
 16754 | Lair:3   | Found a staircase to the Shoals.
 17148 | Lair:3   | Found an ornate altar of the Wu Jian Council.
 17665 | Lair:4   | Found a sparkling altar of Nemelex Xobeh.
 17676 | Lair:4   | Identified the +1 ring mail of Ru's Pride {rN+}
 17678 | Lair:4   | Noticed Kirke
 17698 | Lair:4   | Killed Kirke
 17906 | Lair:4   | Reached skill level 12 in Fighting
 18447 | Lair:4   | Found a staircase to the Slime Pits.
 18600 | Lair:5   | Entered Level 5 of the Lair of Beasts
 18660 | Lair:5   | Reached XP level 14. HP: 115/115 MP: 14/14
 18690 | Lair:5   | Found a runed translucent gate.
 18690 | Lair:5   | Found a runed translucent gate.
 18690 | Lair:5   | Found a runed translucent gate.
 18863 | Lair:5   | Noticed benadryl's ghost (journeyman GrFi)
 19229 | Lair:5   | Noticed Nessos
 19237 | Lair:5   | Killed Nessos
 20503 | Lair:5   | Reached skill level 13 in Fighting
 21173 | D:9      | Bought a +1 pair of boots of flying for 280 gold pieces
 21229 | Shoals:1 | Entered Level 1 of the Shoals
 21388 | D:11     | Found an iron altar of Okawaru.
 21787 | D:12     | Reached XP level 15. HP: 123/123 MP: 15/15
 21794 | D:12     | Found a runed translucent gate.
 21795 | D:12     | Found a runed translucent gate.
 21802 | D:12     | Found a runed translucent gate.
 21879 | D:12     | Found a staircase to the Orcish Mines.
 22596 | D:12     | Found an iron altar of Okawaru.
 22596 | D:12     | Noticed Sun Gecaam's ghost (journeyman DEHW)
 22628 | Orc:1    | Entered Level 1 of the Orcish Mines
 22767 | Orc:2    | Entered Level 2 of the Orcish Mines
 22815 | Orc:2    | Found a staircase to the Elven Halls.
 22847 | Orc:2    | Found Fimyixim's Jewellery Shoppe.
 22852 | Orc:2    | Found Uxua's Assorted Antiques.
 22852 | Orc:2    | Found Uluylabu's Antique Armour Boutique.
 22876 | Orc:2    | Reached skill level 15 in Armour
 23223 | Orc:2    | Found Qaust's Antique Armour Shop.
 23321 | Orc:2    | Bought faintly humming swamp dragon scales for 1980 gold
                  | pieces
 23321 | Orc:2    | Identified the +4 swamp dragon scales "Samini" {rPois rN+
                  | Will+} (You bought it in a shop on level 2 of the Orcish
                  | Mines)
 23610 | Orc:2    | Bought the ring "Ynisch" {rN++ Will+ MP+9 Str+5} for 1006
                  | gold pieces
 23712 | D:13     | Found a shimmering altar of Xom.
 23712 | D:13     | Found a shimmering altar of Xom.
 23713 | D:13     | Found a shimmering altar of Xom.
 23932 | D:13     | Reached skill level 15 in Axes
 24750 | D:14     | Found Bikoris's Armour Emporium.
 25140 | D:14     | Found a gate to the Vaults.
 25913 | D:15     | Entered Level 15 of the Dungeon
 26042 | D:15     | Identified the +10 rapier of Risk Management {protect,
                  | ^Contam rPois Dex+3}
 26078 | D:15     | Reached skill level 14 in Fighting
 26127 | D:15     | Gained mutation: You are robust. (+10% HP) [demonic
                  | ancestry]
 26127 | D:15     | Reached XP level 16. HP: 114/146 MP: 16/16
 26817 | D:15     | Found a staircase to the Depths.
 28178 | Shoals:2 | Noticed Louise
 28192 | Shoals:2 | Killed Louise
 28649 | Shoals:2 | Identified the +8 broad axe of Patience {protect, rPois
                  | rCorr Str+2}
 28843 | Shoals:2 | Noticed Ilsuiw
 28870 | Shoals:2 | Noticed a kraken
 28893 | Shoals:2 | Reached skill level 5 in Dodging
 28893 | Shoals:2 | Reached skill level 10 in Shields
 29015 | Shoals:2 | Found Yfaqynak's Antique Weapon Shoppe.
 29290 | Shoals:2 | a kraken changed into a stone giant
 29407 | Shoals:2 | Killed Ilsuiw
 30632 | Shoals:3 | Gained mutation: When seriously injured, your blood forms
                  | thick armour. (AC +12) [demonic ancestry]
 30632 | Shoals:3 | Reached XP level 17. HP: 128/154 MP: 17/17
 30726 | Shoals:3 | Noticed a kraken
 30737 | Shoals:3 | Killed a kraken
 31358 | Shoals:3 | Identified the +3 scale mail "Ighatall" {rElec rF+}
 31378 | Shoals:4 | Entered Level 4 of the Shoals
 31471 | Shoals:4 | Noticed Polyphemus
 31501 | Shoals:4 | Killed Polyphemus
 31689 | Shoals:4 | Found a transporter.
 31720 | Shoals:4 | Noticed holysushi's ghost (adept VSFi)
 31756 | Shoals:4 | Reached skill level 15 in Fighting
 32629 | Shoals:4 | Found a transporter.
 33023 | Shoals:4 | Got the Vellum of Altered Geology
 33147 | Shoals:4 | Got a barnacled rune of Zot
 33486 | D:9      | Upgraded the game from 0.31-a0-1603-gbec6b6ccbf to
                  | 0.31-a0-1611-g890cdf5628
 33522 | Snake:1  | Entered Level 1 of the Snake Pit
 33743 | Snake:1  | Found Wesiez's General Store.
 33749 | Snake:1  | Found Vaumam's Assorted Antiques.
 34600 | D:9      | Bought the amulet "Oweatim" {Faith Fly rElec rPois Regen+}
                  | for 1085 gold pieces
 34696 | Snake:2  | Reached XP level 18. HP: 161/163 MP: 18/18
 34756 | Snake:2  | Reached skill level 10 in Dodging
 36278 | Snake:3  | Noticed Agnes
 36294 | Snake:3  | Killed Agnes
 36787 | Snake:3  | Reached skill level 16 in Fighting
 36893 | Snake:3  | Noticed Mlioglotl
 36913 | Snake:3  | Killed Mlioglotl
 37819 | Snake:4  | Entered Level 4 of the Snake Pit
 38705 | Snake:4  | Reached XP level 19. HP: 170/174 MP: 19/19
 39137 | Snake:4  | Got a serpentine rune of Zot
 39437 | Elf:1    | Entered Level 1 of the Elven Halls
 40141 | Elf:1    | Got the Compilation of Bruises
 40166 | Elf:2    | Reached skill level 17 in Fighting
 40249 | Elf:2    | Paralysed by an air elemental for 1 turns
 40348 | Abyss:2  | Cast into level 2 of the Abyss (+0 halberd of distortion)
 40365 | Abyss:2  | Found a corrupted altar of Lugonu.
 40595 | Abyss:2  | Found a corrupted altar of Lugonu.
 40783 | Abyss:2  | Found a corrupted altar of Lugonu.
 40978 | Abyss:2  | Found a large runed translucent door.
 40979 | Abyss:2  | Found a large runed translucent door.
 41009 | Abyss:2  | Found a runed translucent gate.
 41044 | Abyss:2  | Reached skill level 18 in Fighting
 41047 | Elf:2    | Escaped the Abyss
 41212 | Elf:2    | Found a runed translucent gate.
 41212 | Elf:2    | Found a runed translucent gate.
 41212 | Elf:2    | Found a runed translucent gate.
 41807 | Elf:3    | Entered Level 3 of the Elven Halls
 41885 | Elf:3    | Found a magical portal.
 41896 | WizLab   | Entered Zonguldrok's Shrine
 42098 | WizLab   | Reached skill level 19 in Fighting
 42674 | WizLab   | Noticed an antique champion
 42674 | WizLab   | Noticed an antique champion
 42703 | WizLab   | Killed an antique champion
 42707 | WizLab   | Killed an antique champion
 42754 | WizLab   | Identified the +3 plate armour of Vumaunon {Regen+}
 43502 | Elf:3    | Reached skill level 20 in Fighting
 43515 | Elf:3    | Gained mutation: When seriously injured, your blood forms
                  | very thick armour. (AC +12) [demonic ancestry]
 43515 | Elf:3    | Reached XP level 20. HP: 190/193 MP: 20/20
 44475 | Elf:3    | Reached skill level 21 in Fighting
 44655 | Elf:3    | Identified the +8 spear of Decaying Honour {freeze, rC+
                  | Will- Str+3}
 44655 | Elf:3    | Identified the ring of Roob {+Blink rPois EV+5 Str-3 Dex-5}
 44803 | Elf:3    | Identified the +7 longbow of the Middle {drain, rC+}
 44817 | Elf:3    | Identified the +7 dagger of Ravage {antimagic, Str+3}
 44831 | Elf:3    | Identified the +1 shortbow "Qeqeub" {antimagic, Str-3 Int+5
                  | SInv}
 44885 | Elf:3    | Got Pehe's Spellbook of Geometric Freezing
 44886 | Elf:3    | Identified the +10 chain mail of Lequmniv {Int+2 SInv}
 45523 | Orc:2    | Bought a brightly glowing helmet for 342 gold pieces
 45523 | Orc:2    | Identified the +0 helmet "Yrreos" {Dex+2} (You bought it in
                  | a shop on level 2 of the Orcish Mines)
 45612 | Vaults:1 | Entered Level 1 of the Vaults
 45721 | Vaults:1 | Found Inkuedim's Armour Emporium.
 45861 | Vaults:1 | Bought a +0 pair of gloves of strength for 126 gold pieces
 46107 | Vaults:1 | Identified the +2 ring mail of the End {rElec Str+3 Int-4
                  | Dex+2}
 47079 | Vaults:2 | Noticed Sojobo
 47089 | Vaults:2 | Paralysed by an air elemental for 1 turns
 47099 | Vaults:2 | Paralysed by an air elemental for 1 turns
 47110 | Vaults:2 | Killed Sojobo
 47291 | Vaults:2 | Reached XP level 21. HP: 111/204 MP: 1/21
 47888 | Vaults:2 | Found a staircase to the Crypt.
 47933 | Vaults:2 | You are sucked into a shaft and drop 2 floors!
 48687 | Vaults:2 | Reached skill level 15 in Shields
 48858 | Vaults:2 | Acquired the +0 hat "Tymeed" {rF+ Dex+4}
 49472 | Vaults:3 | Gained mutation: Your magical capacity is low. (-10% MP) [a
                  | neqoxec]
 50392 | Vaults:4 | Noticed Mara
 50402 | Vaults:4 | Noticed bmb222's illusion
 50418 | Vaults:4 | Noticed bmb222's illusion
 50422 | Vaults:4 | Killed Mara
 50891 | Vaults:4 | Gained mutation: You regenerate a lot of health from kills.
                  | [demonic ancestry]
 50891 | Vaults:4 | Reached XP level 22. HP: 213/213 MP: 19/19
 51496 | Depths:1 | Entered Level 1 of the Depths
 51745 | Depths:1 | Found a gateway to Hell.
 51854 | Depths:1 | Identified the orb of Tender Moments {*Rage, rPois rF+}
 51854 | Depths:1 | Identified the amulet of Okipuim {Acrobat rPois rC++ rCorr
                  | Dex-5}
 52167 | Depths:1 | Found a one-way gate leading to the halls of Pandemonium.
 52599 | Depths:1 | Got Doeq's Progressing With Magic
 52965 | Depths:2 | Found a one-way gateway to a ziggurat.
 53156 | Depths:2 | Noticed a golden dragon
 53180 | Depths:2 | Killed a golden dragon
 53377 | Depths:2 | Found a one-way gate to the infinite horrors of the Abyss.
 53771 | Depths:3 | Reached skill level 1 in Throwing
 53810 | Depths:3 | Found Gozag's Antique Armour Shoppe.
 53825 | Depths:3 | Noticed a golden dragon
 53846 | Depths:3 | Found Gozag's Antique Weapon Shoppe.
 53846 | Depths:3 | Found an opulent altar of Gozag.
 53861 | Depths:3 | Found Gozag's Assorted Antiques.
 53901 | Depths:3 | Killed a golden dragon
 53954 | Depths:3 | Identified the orb of the Shining Light {*channel, ^Drain
                  | rElec rPois Slay+2}
 53954 | Depths:3 | Noticed Frederick
 53989 | Depths:3 | Killed Frederick
 54768 | Depths:4 | Entered Level 4 of the Depths
 54796 | Depths:4 | Found a hazy altar of Hepliaklqana.
 55080 | Depths:4 | Found a gate to the Realm of Zot.
 55185 | Depths:4 | Reached XP level 23. HP: 220/220 MP: 20/20
 55479 | Depths:4 | Found Hewyanenn's Armour Boutique.
 55934 | Depths:4 | Found a portal to a secret trove of treasure.
 56611 | Vaults:5 | Entered Level 5 of the Vaults
 56683 | Abyss:3  | Cast into level 3 of the Abyss (tengu reaver)
 56685 | Abyss:3  | Found a corrupted altar of Lugonu.
 56821 | Abyss:3  | Found a corrupted altar of Lugonu.
 56887 | Abyss:3  | Lost mutation: Your magical capacity is low. (-10% MP)
                  | [potion of mutation]
 56887 | Abyss:3  | Lost mutation: You expend magic power (3 MP) to strengthen
                  | your wands. [potion of mutation]
 56887 | Abyss:3  | Lost mutation: You are strong-willed. (Will+) [potion of
                  | mutation]
 56887 | Abyss:3  | Gained mutation: You are clumsy. (Dex -2) [potion of
                  | mutation]
 56888 | Abyss:3  | Lost mutation: You are clumsy. (Dex -2) [potion of
                  | mutation]
 56888 | Abyss:3  | Gained mutation: Your spells are a little easier to cast,
                  | but a little less powerful. [potion of mutation]
 56888 | Abyss:3  | Gained mutation: You occasionally lose the ability to drink
                  | potions when taking damage. [potion of mutation]
 56889 | Abyss:3  | Lost mutation: You occasionally lose the ability to drink
                  | potions when taking damage. [potion of mutation]
 56889 | Abyss:3  | Lost mutation: Your spells are a little easier to cast, but
                  | a little less powerful. [potion of mutation]
 56889 | Abyss:3  | Gained mutation: You possess an exceptional clarity of
                  | mind. [potion of mutation]
 56889 | Abyss:3  | Lost mutation: You possess an exceptional clarity of mind.
                  | [potion of mutation]
 56889 | Abyss:3  | Gained mutation: Your muscles are strong. (Str +4, Int/Dex
                  | -1) [potion of mutation]
 56889 | Abyss:3  | Gained mutation: You have very sharp teeth. [potion of
                  | mutation]
 57043 | Abyss:3  | Reached skill level 5 in Throwing
 57162 | Vaults:5 | Escaped the Abyss
 57327 | Vaults:5 | Identified the ring of Olopiwox {Fire rPois rCorr Int+3
                  | Stlth-}
 57427 | Vaults:5 | Noticed an ancient lich
 57463 | Vaults:5 | Killed an ancient lich
 57724 | Vaults:5 | Reached XP level 24. HP: 231/231 MP: 23/23
 57805 | Vaults:5 | Reached skill level 22 in Fighting
 58839 | Vaults:5 | Identified the +2 hand axe "Luoqis" {holy, Int+4}
 58869 | Vaults:5 | Got the Almanac of Support and the Volcano
 58914 | Vaults:5 | Got a silver rune of Zot
 58919 | Vaults:5 | Identified the +0 robe "Odadenet" {Int+2}
 59467 | D:12     | Killed Sun Gecaam's ghost
 59655 | D:5      | Killed monsoonserge's ghost
 59829 | Slime:1  | Entered Level 1 of the Pits of Slime
 60140 | Slime:2  | Bought a scroll of blinking for 120 gold pieces
 60678 | Slime:5  | Entered Level 5 of the Pits of Slime
 61119 | Slime:5  | Found a viscous altar of Jiyva.
 61119 | Slime:5  | Noticed the Royal Jelly
 61162 | Slime:5  | Found the +2 hood of the Assassin {Detect Stab+ Stlth++}
 61196 | Slime:5  | Killed the Royal Jelly
 61224 | Slime:5  | Identified the amulet of the Platytaur {Reflect Will+ Dex+4
                  | SH+5}
 61226 | Slime:5  | Got the Almanac of the Deathly Escort
 61240 | Slime:5  | Identified the +2 leather armour of the Kraken {+Inv rN+
                  | SInv}
 61419 | Slime:5  | Got a slimy rune of Zot
 61455 | Slime:5  | Identified the +2 spear of the Healing Gods {drain, rF+
                  | Will+ Str-3 Dex+3}
 61477 | Slime:5  | Identified the +5 morningstar of Yredelemnul {spect, Dex+4}
 61492 | Slime:5  | Identified the +7 chain mail of Ruakhlelo {^Contam Harm
                  | rElec Stlth+}
 61493 | Slime:5  | Identified the staff of Resourcefulness {rElec rCorr Air}
 61522 | Slime:5  | Identified the +2 troll leather armour of Xom, Building
                  | {rC+ Regen+ Dex+6 Slay+3}
 61980 | Slime:5  | Reached skill level 1 in Ice Magic
 62869 | Depths:4 | You paid a toll of 5 scrolls of blinking to enter a
                  | treasure trove
 62870 | Trove    | Entered a treasure trove
 62889 | Trove    | Identified the amulet "Lalaxo" {RegenMP rElec Int-3 Stlth+}
 62897 | Trove    | Identified the +1 leather armour of Indomitability {Harm}
 63071 | Zig:1    | Entered Level 1 of a ziggurat
 63089 | Zig:2    | Entered Level 2 of a ziggurat
 63123 | Zig:3    | Entered Level 3 of a ziggurat
 63167 | Zig:4    | Entered Level 4 of a ziggurat
 63205 | Zig:4    | Identified the +1 morningstar of the Battered Shrikes
                  | {drain, Dex+2}
 63211 | Zig:5    | Entered Level 5 of a ziggurat
 63329 | Zig:6    | Entered Level 6 of a ziggurat
 63330 | Zig:6    | Noticed ojifijod's ghost (legendary FoHu)
 63391 | Zig:6    | Killed ojifijod's ghost
 63426 | Zig:6    | Got the Vademecum on the Supportive Storm
 63436 | Zig:7    | Entered Level 7 of a ziggurat
 63440 | Zig:7    | Noticed a royal mummy
 63441 | Zig:7    | Noticed a royal mummy
 63450 | Zig:7    | Reached skill level 23 in Fighting
 63465 | Zig:7    | Killed a royal mummy
 63469 | Zig:7    | Killed a royal mummy
 63499 | Zig:7    | Identified the +1 pair of gloves of the Miller {rF+ SInv}
 63516 | Zig:7    | Identified the staff of Lugonu's Condemnation {rF+ Dex+5
                  | Conj}
 63519 | Zig:7    | Identified the staff of Revolt {rC+ Will+ Ice}
 63623 | Zig:8    | Entered Level 8 of a ziggurat
 63665 | Zig:8    | Gained mutation: You are very robust. (+20% HP) [demonic
                  | ancestry]
 63665 | Zig:8    | Reached XP level 25. HP: 167/265 MP: 23/23
 63699 | Zig:8    | Identified the +0 scale mail of Wyaterat {Str+2}
 63710 | Zig:8    | Identified the staff of Guilt {rElec rC+ Str-2 Int+3 Ice}
 63713 | Zig:8    | Identified the staff "Moc Elei" {rElec rF+ Dex+2 Air
                  | Alchemy}
 63727 | Zig:8    | Identified the +1 short sword "Cont" {vamp, Str+3 SInv}
 63846 | Zig:9    | Entered Level 9 of a ziggurat
 63852 | Zig:9    | Noticed a dread lich
 63852 | Zig:9    | Noticed a dread lich
 63852 | Zig:9    | Found the +27 heavy crossbow "Sniper" {heavy, Acc+∞ SInv}
 63886 | Zig:9    | Killed a dread lich
 63891 | Zig:9    | Killed a dread lich
 63967 | Zig:10   | Entered Level 10 of a ziggurat
 64041 | Zig:10   | Identified the +9 war axe of the Holding Seer {heavy, rN+}
 64042 | Zig:10   | Identified the +2 flail "Leviticus" {pain, Will+ Str+2}
 64050 | Zig:10   | Got the Codex of the Earth
 64054 | Zig:10   | Identified the +1 falchion "Earthworm" {venom, SInv}
 64148 | Zig:11   | Entered Level 11 of a ziggurat
 64179 | Zig:11   | Reached skill level 5 in Ice Magic
 64220 | Zig:11   | Identified the +11 longbow of Precise Incision {antimagic,
                  | rF+ rN+ Dex+6}
 64274 | Zig:12   | Entered Level 12 of a ziggurat
 64284 | Zig:12   | Reached XP level 26. HP: 277/277 MP: 23/23
 64285 | Zig:12   | Found the +7 great mace "Firestarter" {flame, immolate,
                  | rFlCloud rF++}
 64294 | Zig:12   | Reached skill level 15 in Dodging
 64299 | Zig:12   | Reached skill level 24 in Fighting
 64328 | Zig:12   | Identified the +3 leather armour of Salvation {^Contam
                  | rF+++ rCorr MP+9}
 64378 | Zig:12   | Identified the ring of Wumar {Ice *Corrode Fly Int+4}
 64388 | Zig:12   | Gained mutation: You are extremely robust. (+30% HP)
                  | [demonic ancestry]
 64388 | Zig:12   | Reached XP level 27. HP: 278/310 MP: 23/23
 64406 | Zig:13   | Entered Level 13 of a ziggurat
 64513 | Zig:13   | Identified the staff of Jeigh {rF+ Stlth+ Fire}
 64516 | Zig:13   | Identified the +10 short sword "Lozaips" {spect, MP+9
                  | Dex+5}
 64519 | Zig:13   | Identified the ring "Vise" {rF+ MP+9 Str+2 Dex+3}
 64567 | Zig:14   | Entered Level 14 of a ziggurat
 64630 | Zig:14   | Noticed a royal mummy
 64634 | Zig:14   | Noticed a royal mummy
 64637 | Zig:14   | Noticed a royal mummy
 64655 | Zig:14   | HP: 22/463 [emperor scorpion[a royal mummy] (6)]
 64655 | Zig:14   | HP: 9/463 [royal mummy (13)]
 64657 | Zig:14   | Slain by a death scarab

Illustrated notes

Levels and vault maps discovered:
D:1:      dpeg_arrival_connections, layout_basic, supply_closet_lemuel,
          minmay_pentomino_w4
D:2:      layout_loops_corners, hellmonk_ecumenical_altar_crossroads
D:3:      layout_basic, nicolae_ru_the_path_less_chosen,
          mainiacjoe_overflow_cross_hatched, hangedman_decor_peaks_small,
          minmay_misc_feat_ornament, uniq_terence
D:4:      layout_basic, grunt_ministairs_2, corner_web_ring, uniq_grinder,
          uniq_menkaure
D:5:      layout_basic, overflow_temple_1_default, minmay_temple_entry_wispy,
          ebering_ghost_reflecting_pool
D:6:      layout_loops_cross, nemelex_diamond_rough_becter,
          minmay_fractal_squares_gapless_5
D:7:      layout_cave_pools, nicolae_uskayaw_murder_on_the_dancefloor,
          serial_gnoll_camp, gnoll_camp_huts_moat, gnoll_camp_mini_house,
          gnoll_camp_mini_basic, gnoll_camp_mini_loothouse,
          gnoll_camp_mini_doghouse, gnoll_camp_medium_01, enter_bailey_3,
          grunt_decor_clamped, grunt_ministairs_2, minmay_misc_feat_iff,
          uniq_prince_ribbit1
D:8:      layout_basic, makhleb_grotto_becter, uniq_maggie
D:9:      layout_roguey, slow_altar_1, vehumet_altar_wand_db,
          amethyst_overflow_temple_binary, david_lair_generic, serial_shops,
          nicolae_shop_real_fake_doors, uniq_maurice, uniq_harold
D:10:     layout_basic, nzn_hepliaklqana_mist_gate, serial_bayou_pond_c,
          uniq_psyche
D:11:     layout_rooms, okawaru_altar_gauntlet_db
D:12:     layout_basic, orc_0_dummy, gammafunk_ghost_fury_of_okawaru
D:13:     layout_loops_corners, xom_shifter_show
D:14:     layout_loops_ring, david_vaults_2,
          nicolae_concentric_dashed_squares_mild, serial_shops, shop,
          hangedman_decor_diamond_cutter, grunt_potential
D:15:     grunt_enter_depths_hoard, layout_irregular_city
Lair:1:   layout_cave_shapes, grunt_forest_small_clearings,
          nicolae_quartered_pool_little
Lair:2:   layout_roguey, nicolae_snake_entry_squirm
Lair:3:   layout_layer_cave, minmay_shoals_entry_hut, basic_altar,
          chequers_serial_rivers_micro_e, grunt_megastairs_1, uniq_amaemon
Lair:4:   layout_long_grid, slime_entry_1, basic_altar, st_stairs_10, uniq_kirke
Lair:5:   due_jungle_book, layout_long_grid, ebering_ghost_rock_garden,
          nicolae_lair_run_with_the_wolves, uniq_nessos
Shoals:1: layout_shoals
Shoals:2: cheibrodos_shoals_oceanic_diplomacy, layout_shoals, serial_shops,
          shop, uniq_louise, uniq_ilsuiw
Shoals:3: layout_shoals, st_cyclops
Shoals:4: shoals_end_grunt_ice, layout_shoals,
          gammafunk_ghost_berserking_beasts, nicolae_shoals_cliffside_cave,
          uniq_polyphemus
Snake:1:  layout_onion_interference, chequers_hall_statues_corner_a,
          minmay_shoptagon
Snake:2:  layout_basic, grunt_ministairs_7, nicolae_coiled_stairwell_up,
          serial_bayou_shore_a
Snake:3:  layout_gridlike, nicolae_snake_magic_snake_eye, uniq_mlioglotl,
          uniq_agnes
Snake:4:  snake_pit, layout_gridlike
Slime:1:  layout_caves, basic_altar
Slime:2:  layout_caves
Slime:3:  layout_caves
Slime:4:  layout_caves
Slime:5:  slime_pit_nicolae_block_by_block
Orc:1:    layout_diamond_mine, nicolae_orc_lava_tube, lightli_church_of_beogh
Orc:2:    st_orc_open, layout_caves
Elf:1:    layout_loops_cross, minmay_elf_annihilation
Elf:2:    nicolae_elf_blades_crystal_corner, layout_geoelf_diagonals,
          uniq_jorgrun
Elf:3:    minmay_elf_hall_hex, layout_loops_ring,
          infiniplex_enter_wizlab_glasses
Vaults:1: hangedman_vaults_slice, ontoclasm_vaults_shuriken,
          nicolae_vaults_storage_closets_2, dpeg_vaults_monster_box,
          vaults_mumra_lcd, nicolae_vaults_little_squares_2,
          nicolae_vaults_turnstiles, nicolae_vaults_trapezoid_3,
          nicolae_vaults_display_case, vaults_standard_mumra_x,
          vaults_room_hallway, nicolae_vaults_taking_the_gang_shopping,
          vaults_dpeg_diagonal, layout_vaults_chaotic_city
Vaults:2: hangedman_vaults_snaps, minmay_crypt_entry_simple_plaza,
          nicolae_vaults_shrinking_rooms_1, nicolae_vaults_wine_cellar,
          nicolae_vaults_sightless_eye, nicolae_vaults_variable_pillar_hall,
          vaults_mumra_minichess, ontoclasm_vaults_shout,
          nicolae_vaults_network_square, nicolae_vaults_angled_halls,
          grunt_vaults_diagonal, vaults_dpeg_encased_lava, v_misc_17,
          ontoclasm_vaults_loading_screen, layout_vaults_omnicross, uniq_sojobo
Vaults:3: nicolae_vaults_door_testing_chamber,
          nicolae_vaults_storage_room_doors, special_room_vaults
          [special_room_orc], layout_vaults_quadrants
Vaults:4: v_misc_5, v_misc_25, nicolae_vaults_trapezoid_lopsided_4,
          vaults_dpeg_cross, grunt_vaults_funnel, v_rooms_6, v_misc_31,
          nicolae_vaults_statue_guard, v_misc_8,
          nicolae_vaults_storage_room_statues,
          nicolae_vaults_heart-shaped_vault, nicolae_vaults_alarming,
          layout_vaults_omnibox, uniq_mara
Vaults:5
Depths:1: minmay_the_grid_triangle_9x9_rhombus_thin_mashed
          [minmay_the_grid_triangle_9x9_descending_squares,
          minmay_the_grid_triangle_9x9_prize_schism,
          minmay_the_grid_triangle_9x9_impossible_snake,
          minmay_the_grid_triangle_9x9_checkered], layout_basic, serial_rivers,
          chequers_serial_rivers_small_3, chequers_serial_rivers_small_b,
          chequers_serial_rivers_small_b, chequers_serial_rivers_marsh,
          chequers_serial_rivers_micro_e, pan_entry, grunt_hell_horde,
          interstate_on_off, nicolae_figureground_sparkle
Depths:2: minmay_cut_squares, layout_small_grid, enter_ziggurat_f, hell_entry,
          abyss_entry, rand_demon_pan_entry_5, nicolae_titane
Depths:3: kennysheep_gozag_temple, layout_basic, hell_entry,
          abyss_entry_glasseish, infiniplex_staircase_diamond, uniq_frederick
Depths:4: evilmike_zot_entry_hall, layout_gridlike, nicolae_trove_entry_crystal,
          grunt_pan_entry_sceptre, grunt_hell_entry_dis_old, serial_shops, shop,
          lemuel_round_altar
Zig:14

Skill      XL: |  1  2  3  4  5  6  7  8  9 10 11 12 13 14 15 16 17 18 19 20 21 22 23 24 25 26 27 |
---------------+----------------------------------------------------------------------------------+-----
Axes           | 3 4 5 6 7 8 9 11 12 14 15 16 17 19 20 21 22 | 22.0
Armour         | 1 2 4 5 6 8 9 10 11 13 14 15 16 17 18 19 | 19.6
Fighting       | 4 5 7 8 9 10 11 12 13 14 15 16 20 21 23 24 | 24.7
Shields        | 3 7 8 9 10 12 16 17 18 19 | 19.9
Dodging        | 3 6 9 12 13 14 15 | 15.6
Throwing       | 3 6 8 9 |  9.7
Ice Magic      | 3 5 6 7 |  7.6

Action                     |  1- 3 |  4- 6 |  7- 9 | 10-12 | 13-15 | 16-18 | 19-21 | 22-24 | 25-27 || total
---------------------------+-------+-------+-------+-------+-------+-------+-------+-------+-------++-------
  Melee: Hand axe          |   102 |   181 |   366 |   704 |    33 |       |       |       |       ||  1386
         Unarmed           |       |     2 |       |       |       |       |       |       |       ||     2
         Tailslap          |       |       |    80 |   164 |   276 |   365 |   406 |   491 |    47 ||  1829
         War axe           |       |       |       |   130 |  1003 |       |       |       |       ||  1133
         Broad axe         |       |       |       |       |   150 |  1814 |  1853 |  2011 |   262 ||  6090
         Bite              |       |       |       |       |       |       |       |   210 |    35 ||   245
 Invoke: Call Merchant     |       |       |       |     2 |     2 |     1 |       |     6 |       ||    11
         Potion Petition   |       |       |       |       |       |     2 |     5 |     4 |    10 ||    21
  Evoke: Wand              |       |       |       |     5 |     2 |     3 |     2 |     1 |       ||    13
    Use: Potion            |       |     5 |     3 |     3 |     2 |     5 |     3 |    10 |    22 ||    53
         Scroll            |       |       |    15 |     7 |    10 |     5 |     6 |     7 |     6 ||    56
   Stab: Distracted        |       |       |       |     5 |    32 |    13 |    16 |    18 |     1 ||    85
         Petrified         |       |       |       |       |       |     2 |       |       |       ||     2
         Invisible         |       |       |       |       |       |       |       |    26 |    35 ||    61
         Confused          |       |       |       |       |       |       |       |     1 |       ||     1
 Armour: Robe              |    45 |       |       |       |       |       |       |       |       ||    45
         Leather armour    |     9 |    91 |       |       |       |       |       |       |       ||   100
         Ring mail         |       |    30 |   101 |       |       |       |       |       |       ||   131
         Skin              |       |     4 |       |       |       |       |       |       |   162 ||   166
         Scale mail        |       |       |    95 |       |       |       |       |       |       ||    95
         Plate armour      |       |       |   184 |   592 |       |       |   777 |  1101 |   139 ||  2793
         Chain mail        |       |       |       |   126 |   575 |       |       |       |       ||   701
         Swamp dragon scal |       |       |       |       |   285 |  1347 |   322 |       |       ||  1954
  Dodge: Dodged            |    76 |   109 |   152 |   150 |   333 |   874 |   530 |   487 |    76 ||  2787
  Block: Kite shield       |       |       |    51 |   458 |   645 |   320 |       |       |       ||  1474
         Buckler           |       |       |       |       |       |   395 |   153 |       |       ||   548
         Reflection        |       |       |       |       |       |    29 |    11 |     1 |    58 ||    99
         Tower shield      |       |       |       |       |       |       |   841 |  1875 |   408 ||  3124

Table legend: (Time is in decaauts)
 A = Elapsed time spent in this place.
 B = Non-inter-level travel time spent in this place.
 C = Inter-level travel time spent in this place.
 D = Time resting spent in this place.
 E = Time spent auto-exploring this place.
 F = Levels seen in this place.
 G = Mean time per level.
                   A        B        C        D        E       F      G
               +--------+--------+--------+--------+--------+-----+--------+
         Total |  63170 |  58115 |   5055 |   6197 |  36622 |  67 |  942.8 |
       Dungeon |  18440 |  16532 |   1908 |   1810 |  11163 |  15 | 1229.3 |
          Lair |   8193 |   7364 |    829 |    853 |   5056 |   5 | 1638.6 |
        Shoals |   5828 |   5550 |    278 |   1069 |   3089 |   4 | 1457.0 |
     Snake Pit |   5533 |   5226 |    307 |    181 |   3768 |   4 | 1383.2 |
    Slime Pits |   2361 |   2227 |    134 |    203 |   1342 |   5 |  472.2 |
  Orcish Mines |   1113 |    950 |    163 |      0 |    751 |   2 |  556.5 |
   Elven Halls |   4145 |   3960 |    185 |    593 |   2224 |   3 | 1381.7 |
        Vaults |   7975 |   7369 |    606 |    214 |   5263 |   5 | 1595.0 |
        Depths |   5101 |   4459 |    642 |     28 |   3339 |   4 | 1275.2 |
         Abyss |   1073 |   1073 |      0 |      5 |    351 |   3 |  357.7 |
      Ziggurat |   1349 |   1349 |      0 |    322 |    116 |  14 |   96.4 |
         Trove |     62 |     62 |      0 |      0 |      0 |   1 |   62.0 |
        Bailey |   1009 |   1009 |      0 |    570 |     22 |   1 | 1009.0 |
        Wizlab |    984 |    984 |      0 |    347 |    137 |   1 |  984.0 |
               +--------+--------+--------+--------+--------+-----+--------+

Top non-repeatable levels by time:
  Lair:5: 2448 daAuts
   Elf:3: 2332 daAuts
Vaults:5: 2036 daAuts
  Lair:3: 2033 daAuts
Shoals:4: 1913 daAuts
Vaults:2: 1786 daAuts
  Lair:2: 1762 daAuts
Depths:4: 1718 daAuts
 Slime:5: 1683 daAuts
     D:9: 1667 daAuts
     D:2: 1635 daAuts
 Snake:2: 1562 daAuts
     D:5: 1553 daAuts
 Snake:3: 1546 daAuts
     D:7: 1537 daAuts
